AoeStats
← Ugomez

Fortress

510178170Analyzed
3v3 RM · 2d ago on Sep 29, 2026· 92m 50s· 6 players
Game mode
Random Map
Map size
Large (8 player)
Population
200
Speed
Normal
Resources
Standard
Victory
Conquest
Starting age
Dark Age
Ending age
Imperial Age
RankedLock teamsTeams togetherTeam positionsShared explorationLock speedFull tech treeHidden civsTurbo modeCheats
Victory
Defeat
🇺🇦 Slavs · Ukraine
776
+12
🇮🇳 Huns · India
735
+14
🇵🇹 Britons · Portugal
703
+15
🇪🇸 Spanish · Spain
752
-16
🇪🇸 Romans · Spain
719
-39
🇪🇸 Burgundians · Spain
604
-10
House of Huns
0:55 Loom
10:02 Feudal Age
13:56 Castle Age
12:23 Double-Bit Axe
12:19 Horse Collar
19:45 Caravan
31:55 Imperial Age
30:01 Wheelbarrow
29:12 Town Watch
30:37 Gold Mining
32:05 Forging
31:55 Scale Mail Armor
31:59 Marauders
33:11 Conscription
32:11 Elite Tarkan
34:10 Bow Saw
34:03 Heavy Plow
34:42 Gold Shaft Mining
34:45 Iron Casting
34:15 Scale Barding Armor
34:59 Bloodlines
34:49 Husbandry
34:19 Cavalier
35:53 Paladin
37:36 Blast Furnace
36:56 Chain Barding Armor
38:34 Hand Cart
38:20 Town Patrol
39:52 Plate Barding Armor
pedrollobo
1:24 Loom
7:07 Feudal Age
7:53 Double-Bit Axe
7:51 Horse Collar
10:57 Wheelbarrow
11:31 Town Watch
13:29 Gold Mining
16:22 Castle Age
17:40 Hand Cart
17:36 Heavy Plow
18:59 Stone Mining
21:15 Bow Saw
23:53 Fletching
24:04 Padded Archer Armor
23:36 Crossbowman
23:51 Pikeman
24:31 Squires
24:17 Gambesons
26:27 Caravan
30:12 Gold Shaft Mining
32:40 Imperial Age
30:37 Yeomen
31:21 Town Patrol
31:42 Leather Archer Armor
33:51 Conscription
32:52 Elite Longbowman
34:02 Halberdier
34:09 Man-at-Arms
36:48 Two-Man Saw
36:24 Ring Archer Armor
35:57 Scale Mail Armor
36:33 Warwolf
39:49 Chemistry
38:31 Treadmill Crane
38:20 Long Swordsman
40:49 Two-Handed Swordsman
41:53 Champion
43:37 Cavalier
44:17 Husbandry
47:29 Bodkin Arrow
47:45 Forging
47:50 Chain Mail Armor
47:41 Scale Barding Armor
57:02 Hoardings
71:49 Light Cavalry
74:34 Siege Engineers
Gluyk
0:54 Loom
7:14 Feudal Age
8:46 Wheelbarrow
8:00 Double-Bit Axe
8:00 Horse Collar
8:07 Town Watch
16:09 Castle Age
15:27 Stone Mining
15:45 Gold Mining
17:07 Hand Cart
16:56 Heavy Plow
17:10 Bow Saw
23:20 Town Patrol
24:57 Fortified Wall
27:58 Gold Shaft Mining
27:37 Masonry
31:46 Imperial Age
30:43 Detinets
31:03 Murder Holes
31:29 Ballistics
31:15 Padded Archer Armor
31:05 Fletching
31:26 Forging
31:17 Scale Mail Armor
31:24 Scale Barding Armor
31:36 Caravan
32:08 Coinage
32:47 Squires
32:11 Elite Skirmisher
34:14 Chemistry
33:20 Siege Engineers
33:55 Crop Rotation
35:57 Two-Man Saw
35:25 Leather Archer Armor
35:26 Chain Mail Armor
35:43 Conscription
35:06 Capped Ram
37:27 Pikeman
37:27 Man-at-Arms
38:41 Ring Archer Armor
38:08 Bodkin Arrow
38:50 Iron Casting
43:05 Banking
44:24 Siege Ram
49:38 Long Swordsman
49:52 Heavy Scorpion
51:31 Husbandry
50:52 Light Cavalry
53:57 Bloodlines
64:32 Hoardings
64:24 Two-Handed Swordsman
66:25 Druzhina
67:22 Onager
67:26 Elite Boyar
74:06 Siege Onager
74:13 Halberdier
74:13 Champion
79:05 Chain Barding Armor
79:16 Plate Mail Armor
85:28 Cavalier
85:29 Hussar
91:47 Herbal Medicine
Ugomez
7:36 Feudal Age
12:39 Castle Age
12:08 Double-Bit Axe
12:07 Horse Collar
12:01 Man-at-Arms
12:47 Scale Mail Armor
12:57 Forging
13:45 Heavy Plow
15:30 Long Swordsman
20:02 Ballistas
22:07 Bow Saw
22:16 Squires
24:12 Wheelbarrow
23:29 Pikeman
31:04 Imperial Age
29:37 Hand Cart
31:33 Heavy Scorpion
34:44 Legionary
38:00 Forging
38:05 Chain Mail Armor
39:00 Crop Rotation
41:03 Chemistry
40:25 Ballistics
40:40 Gold Mining
41:06 Halberdier
47:49 Iron Casting
50:06 Blast Furnace
Lima3
6:58 Loom
8:48 Feudal Age
13:48 Castle Age
11:31 Horse Collar
11:55 Double-Bit Axe
13:38 Scale Barding Armor
15:06 Caravan
15:53 Wheelbarrow
16:18 Chain Barding Armor
16:02 Heavy Plow
17:54 Husbandry
22:09 Bloodlines
21:22 Light Cavalry
22:39 Hand Cart
26:46 Gold Mining
27:23 Forging
27:27 Padded Archer Armor
32:03 Imperial Age
30:46 Redemption
30:56 Atonement
32:24 Ballistics
33:02 Redemption
34:23 Chemistry
41:44 Cavalier
44:50 Paladin
49:20 Elite Conquistador
51:14 Bombard Tower
SeTaZ
7:27 Double-Bit Axe
7:37 Horse Collar
11:35 Feudal Age
16:28 Castle Age
14:58 Bow Saw
16:03 Heavy Plow
16:47 Scale Barding Armor
17:44 Crop Rotation
17:55 Husbandry
18:07 Burgundian Vineyards
18:22 Gold Mining
19:36 Stone Mining
23:01 Gold Shaft Mining
28:31 Wheelbarrow
33:01 Imperial Age
32:34 Stone Shaft Mining
32:22 Hand Cart
33:23 Capped Ram
35:31 Town Watch
35:33 Loom
36:35 Elite Coustillier
37:53 Scale Mail Armor
38:04 Forging
52:51 Pikeman
53:31 Squires
59:46 Arson
81:45 Halberdier
Connection lost

Rejoining the realm…

Still unreachable

The connection could not be restored.

Session expired

The server has moved on; the page needs a fresh start.